Map: Monte Asper

Players

Gorendre

  • Race: Protoss Protoss
  • League: Diamond

Evilpriest

  • Race: Zerg Zerg
  • League: Master

Flegias

  • Race: Terran Terran
  • League: Master

SadRay

  • Race: Zerg Zerg
  • League: Master

illusio - Winner!

  • Race: Terran Terran
  • League: Diamond

Jhyrachy - Winner!

  • Race: Zerg Zerg
  • League: Gold

LaWeedaLoca - Winner!

  • Race: Protoss Protoss
  • League: Master

MugeN - Winner!

  • Race: Protoss Protoss
  • League: Master

VOD

Have the link to the VOD?

Description

Time

  • Played on: April 24, 2016, 5:11 p.m.
  • Length: 8:39
Show
View Real Time Build Order
Export as new Build Order

Gorendre Protoss 

Build Orders: 1 Gate Expand, Phoenix Opening 

Get SALT Encoding   

  12  0:02  Probe (Chrono Boost)  
  13  0:13  Probe (Chrono Boost)  
  14  0:20  Pylon  
  14  0:23  Probe (Chrono Boost)  
  15  0:38  Probe (Chrono Boost)  
  15  0:39  Gateway  
  16  0:48  Probe (Chrono Boost)  
  17  0:53  Assimilator  
  17  0:59  Probe (Chrono Boost)  
  18  1:09  Probe (Chrono Boost)  
  19  1:24  Nexus  
  19  1:26  Probe (Chrono Boost)  
  20  1:39  Cybernetics Core  
  20  1:41  Probe (Chrono Boost)  
  21  1:47  Assimilator  
  21  1:52  Probe (Chrono Boost)  
  22  1:57  Pylon  
  22  2:02  Probe (Chrono Boost)  
  23  2:15  Probe (Chrono Boost)  
  24  2:16  Adept (Chrono Boost)  
  24  2:17  Warp Gate  
  26  2:27  Probe  
  27  2:35  Stargate  
  27  2:39  Probe x2  
  27  2:42  Adept (Chrono Boost)  
  31  2:52  Probe  
  31  2:54  Probe  
  33  3:03  Probe  
  34  3:08  Adept (Chrono Boost)  
  34  3:09  Probe  
  37  3:14  Probe, Stargate  
  38  3:21  Probe  
  38  3:25  Probe  
  40  3:30  Phoenix  
  40  3:33  Assimilator, Probe (Chrono Boost)  
  43  3:36  Probe (Chrono Boost)  
  43  3:38  Assimilator  
  44  3:45  Probe (Chrono Boost)  
  44  3:48  Probe (Chrono Boost)  
  46  3:57  Pylon  
  46  3:59  Pylon  
  46  4:01  Pylon  
  46  4:04  Cybernetics Core  
  46  4:15  Phoenix x2  
  46  4:16  Probe x2 (Chrono Boost)  
  52  4:23  Protoss Air Weapons Level 1 (Chrono Boost)  
  52  4:26  Probe x2 (Chrono Boost)  
  54  4:37  Probe x2 (Chrono Boost)  
  56  4:42  Phoenix x2  
  60  4:47  Probe (Chrono Boost)  
  60  4:48  Probe (Chrono Boost)  
  60  4:52  Protoss Air Armor Level 1 (Chrono Boost)  
  62  5:02  Gateway  
  62  5:08  Phoenix  
  62  5:12  Gateway  
  62  5:13  Gateway  
  62  5:14  Phoenix  
  66  5:40  Phoenix  
  48  5:58  Void Ray  
  52  6:05  Void Ray  
  56  6:17  Adept  
  56  6:18  Adept x3  
  64  6:42  Void Ray  
  68  6:47  Adept  
  70  6:57  Pylon  
  70  7:14  Void Ray  
  74  7:17  Pylon  
  74  7:19  Pylon, Stalker x2  
  74  7:20  Pylon  
Show
View Real Time Build Order
Export as new Build Order

Evilpriest Zerg 

Build Orders: Hatch First 

Get SALT Encoding   

  12  0:02  Drone  
  13  0:10  Drone  
  14  0:16  Overlord  
  14  0:22  Extractor  
  14  0:24  Drone  
  14  0:29  Extractor  
  14  0:30  Drone  
  16  0:36  Drone  
  17  0:45  Drone  
  18  0:59  Hatchery  
  18  1:01  Drone  
  18  1:09  Drone  
  19  1:15  Extractor  
  18  1:20  Spawning Pool  
  18  1:24  Drone  
  18  1:43  Drone x2  
  20  1:47  Evolution Chamber  
  19  1:55  Drone  
  20  2:06  Drone  
  21  2:11  Overlord  
  21  2:21  Drone  
  22  2:23  Drone  
  22  2:27  Extractor  
  22  2:29  Drone  
  23  2:36  Drone x2  
  25  2:40  Extractor  
  24  2:45  Extractor, Queen  
  24  2:46  Queen  
  27  2:51  Zerg Missile Weapons Level 1  
  27  3:05  Drone x6  
  33  3:18  Hatchery  
  32  3:21  Drone  
  33  3:28  Drone x2  
  33  3:30  Drone  
  36  3:44  Overlord  
  36  3:58  Overlord  
  36  4:02  Queen  
  38  4:03  Drone x4  
  38  4:04  Drone x2  
  38  4:09  Lair  
  44  4:32  Drone  
  45  4:49  Drone  
  45  4:51  Overlord x3  
  46  4:53  Drone x4  
  46  4:54  Drone x2  
  52  5:00  Queen  
  52  5:02  Drone  
  52  5:05  Overlord  
  52  5:06  Overlord  
  55  5:11  Hydralisk Den  
  54  5:24  Drone  
  55  5:35  Spore Crawler  
  54  5:40  Spore Crawler  
  54  5:41  Hydralisk x4  
  54  5:42  Hydralisk x5  
  71  5:44  Muscular Augments  
  71  5:59  Hydralisk x2  
  71  6:00  Hydralisk x3  
  79  6:22  Hydralisk  
  79  6:23  Hydralisk x4  
  79  6:25  Overlord x5  
  89  6:32  Spine Crawler  
  78  6:56  Hydralisk x9  
  96  7:01  Drone  
  96  7:02  Drone x4  
  101  7:12  Hydralisk x2  
  101  7:13  Hydralisk  
  101  7:15  Hydralisk  
  107  7:17  Hydralisk  
  107  7:19  Hydralisk  
  111  7:36  Hydralisk x5  
  121  7:45  Hydralisk x2  
  121  7:50  Drone, Overlord x2  
  121  7:51  Overlord  
  120  8:05  Hydralisk  
  120  8:06  Hydralisk x4  
Show
View Real Time Build Order
Export as new Build Order

Flegias Terran 

Build Orders: Command Center First (CC) 

Get SALT Encoding   

  12  0:04  SCV  
  13  0:16  SCV  
  14  0:27  Supply Depot  
  14  0:29  SCV  
  15  0:56  Command Center  
  15  0:59  SCV  
  16  1:11  Barracks  
  16  1:14  SCV  
  17  1:27  SCV  
  17  1:32  Supply Depot  
  18  1:44  SCV  
  19  2:04  Orbital Command  
  19  2:05  Marine  
  20  2:10  Bunker  
  20  2:14  Orbital Command  
  20  2:23  Marine  
  21  2:40  SCV  
  21  2:41  Marine  
  21  2:43  SCV  
  24  2:49  Refinery  
  24  2:51  Refinery x2  
  24  2:52  SCV  
  24  2:55  SCV  
  24  2:58  Barracks  
  26  3:00  Marine  
  26  3:05  SCV  
  28  3:07  SCV  
  28  3:11  Refinery  
  29  3:17  SCV  
  30  3:23  SCV  
  31  3:29  Command Center, SCV  
  32  3:35  SCV  
  32  3:41  SCV  
  34  3:46  Marine x2  
  36  3:55  SCV, Factory  
  36  3:56  SCV  
  38  4:05  Marine x2  
  38  4:08  SCV x2  
  42  4:20  SCV x2  
  44  4:29  Marine x2  
  46  4:39  Supply Depot  
  46  4:40  Supply Depot, SCV x2  
  46  4:45  Orbital Command  
  48  4:52  Marine x2  
  50  4:53  SCV x2  
  50  4:57  Starport  
  50  4:59  Starport  
  52  5:05  Starport, SCV  
  53  5:10  Supply Depot  
  53  5:12  Supply Depot  
  53  5:17  Marine  
  53  5:18  Marine  
  55  5:44  Starport Tech Lab x2  
  55  5:50  Starport Tech Lab  
  54  6:08  Banshee x3  
  54  6:10  Cloaking Field  
  62  6:31  Supply Depot  
  62  6:32  Starport  
  62  6:34  Starport  
  62  6:38  Marine x2  
  64  6:51  Banshee x3  
  73  6:59  Marine x2  
  75  7:09  Starport Tech Lab  
  75  7:26  Starport Tech Lab  
  75  7:29  Banshee  
  78  7:33  Banshee  
  78  7:34  Banshee x2  
Show
View Real Time Build Order
Export as new Build Order

SadRay Zerg 

Build Orders: Hatch First 

Get SALT Encoding   

  12  0:03  Drone  
  13  0:13  Drone  
  14  0:27  Extractor  
  13  0:28  Drone  
  13  0:29  Extractor  
  13  0:30  Drone  
  16  0:51  Overlord  
  16  0:54  Hatchery  
  15  1:14  Spawning Pool  
  15  1:16  Drone  
  15  1:19  Drone x2  
  15  1:22  Extractor  
  16  1:35  Drone  
  17  1:40  Drone  
  18  2:00  Drone x2  
  20  2:05  Queen  
  22  2:14  Drone x2  
  24  2:16  Hatchery  
  23  2:23  Queen  
  23  2:28  Drone  
  26  2:30  Drone  
  27  2:41  Overlord  
  27  2:45  Zergling x2  
  28  3:00  Drone x5  
  28  3:05  Drone  
  34  3:07  Queen  
  36  3:20  Overlord x2  
  36  3:24  Metabolic Boost  
  36  3:29  Queen  
  36  3:32  Drone x3  
  41  3:38  Drone  
  42  4:02  Drone x2, Roach Warren  
  43  4:03  Drone x2  
  43  4:04  Extractor, Drone x3  
  47  4:12  Extractor  
  47  4:14  Drone x3  
  47  4:15  Overlord  
  47  4:16  Overlord  
  49  4:44  Roach x3  
  49  4:45  Roach x5  
  65  4:46  Roach x4  
  73  4:53  Overlord x2  
  73  5:18  Roach x5  
  73  5:19  Roach x3  
  89  5:25  Ravager  
  89  5:36  Overlord x3  
  89  5:37  Overlord  
  81  5:57  Roach x10  
  81  5:58  Roach x2  
  50  6:27  Roach x3  
  50  6:28  Roach  
  50  6:31  Zergling x6  
  15  7:16  Hatchery  
  15  7:22  Hatchery  
Show
View Real Time Build Order
Export as new Build Order

illusio Terran - Winner!

Build Orders: Reaper Expand 

Get SALT Encoding   

  12  0:01  SCV  
  13  0:13  SCV  
  14  0:24  Supply Depot  
  14  0:27  SCV  
  15  0:45  SCV  
  15  0:47  Barracks  
  16  0:50  Refinery  
  16  0:58  SCV  
  17  1:10  SCV  
  18  1:22  SCV  
  19  1:34  Orbital Command  
  19  1:41  Command Center  
  19  1:55  Supply Depot  
  19  2:03  Reaper  
  20  2:09  SCV  
  21  2:26  Barracks  
  21  2:32  SCV  
  21  2:36  Supply Depot  
  22  2:45  SCV  
  23  2:52  Barracks Reactor  
  23  2:56  Orbital Command  
  23  2:57  SCV  
  23  3:10  Refinery  
  23  3:16  Barracks Tech Lab  
  23  3:20  Factory  
  23  3:22  SCV  
  23  3:23  SCV  
  25  3:34  SCV  
  26  3:35  SCV  
  27  3:43  Marine x2  
  27  3:47  Stimpack  
  29  3:53  SCV  
  29  3:54  SCV  
  31  4:03  Marine x2  
  31  4:05  SCV  
  31  4:06  Starport, SCV  
  35  4:13  Factory Reactor  
  35  4:16  Marauder  
  37  4:18  SCV  
  37  4:19  SCV  
  39  4:25  Barracks  
  39  4:30  Supply Depot, SCV  
  39  4:31  Marine, SCV  
  41  4:32  Marine  
  41  4:38  Marauder  
  45  4:42  SCV  
  45  4:44  SCV, Engineering Bay  
  47  4:48  Supply Depot  
  47  4:51  Widow Mine, Marine x2  
  47  4:52  Widow Mine  
  53  4:54  Medivac  
  53  4:55  SCV  
  53  4:59  Marauder  
  58  5:06  Supply Depot  
  58  5:08  Marine  
  58  5:09  Marine  
  60  5:16  Refinery  
  60  5:17  Refinery  
  60  5:21  Barracks  
  60  5:22  Marauder, Barracks  
  62  5:30  SCV  
  62  5:31  SCV  
  62  5:32  Marine x2  
  62  5:34  Starport Reactor  
  66  5:43  Marauder, SCV  
  67  5:51  Marine x2  
  69  6:04  Widow Mine x2, Marauder  
  69  6:09  Marine x2  
  75  6:25  Marine  
  75  6:27  Marine x2  
  75  6:28  Barracks Reactor  
  78  6:50  Medivac  
  78  6:51  Marine  
  78  6:57  Marine x2  
  78  7:00  Medivac  
  70  7:09  Marine  
  70  7:14  Marine  
  70  7:15  Marine, Barracks Tech Lab x2  
  73  7:19  Medivac  
  75  7:25  Barracks  
  75  7:27  Marine  
  75  7:29  Armory  
  76  7:30  Medivac  
  76  7:31  Supply Depot  
  76  7:32  Marine x2, Engineering Bay, Barracks  
  76  7:34  Command Center  
  74  7:43  Marine x2  
  75  7:45  Marine  
  75  7:46  Widow Mine x2  
  75  7:50  Marine  
  78  7:51  Marine  
  78  7:52  Medivac  
  80  8:01  Marine  
  82  8:10  Marauder  
  86  8:20  Marine  
  86  8:21  Marine  
Show
View Real Time Build Order
Export as new Build Order

Jhyrachy Zerg - Winner!

Build Orders: Hatch First 

Get SALT Encoding   

  12  0:01  Drone  
  13  0:12  Drone  
  14  0:20  Extractor  
  13  0:22  Extractor  
  13  0:23  Drone x2  
  16  0:48  Hatchery  
  15  0:53  Extractor  
  14  1:03  Spawning Pool, Drone  
  14  1:27  Overlord  
  14  1:47  Drone  
  14  1:48  Drone x2  
  14  1:50  Queen  
  19  2:06  Drone x2  
  19  2:07  Metabolic Boost  
  21  2:23  Drone  
  21  2:27  Drone x3  
  25  2:45  Drone x2  
  27  2:51  Drone  
  28  3:08  Overlord  
  28  3:09  Overlord  
  28  3:26  Queen  
  30  3:30  Drone  
  30  3:31  Drone x4  
  30  3:32  Drone, Overlord  
  36  3:46  Drone x2  
  38  4:12  Zergling x12  
  38  4:16  Overlord  
  44  4:27  Drone  
  44  4:29  Drone  
  46  4:34  Zergling x4  
  46  4:35  Hatchery, Overlord  
  46  4:36  Overlord  
  46  4:37  Zergling x6  
  50  4:39  Queen  
  50  4:43  Zergling x2  
  53  4:59  Zergling x6  
  56  5:00  Zergling x2  
  56  5:01  Zergling x2  
  56  5:03  Overlord  
  48  6:05  Zergling x8  
  48  6:06  Zergling x12  
  56  6:18  Overlord  
  56  6:19  Overlord  
  56  6:20  Zergling x2  
  56  6:21  Zergling x4  
  51  7:02  Zergling x18  
  51  7:03  Zergling x6  
  61  7:16  Evolution Chamber  
  61  7:19  Evolution Chamber  
  56  7:36  Zergling x2  
  57  7:37  Zergling x28  
  56  7:58  Baneling Nest  
Show
View Real Time Build Order
Export as new Build Order

LaWeedaLoca Protoss - Winner!

Build Orders: 1 Gate Expand 

Get SALT Encoding   

  12  0:01  Probe (Chrono Boost)  
  13  0:12  Probe (Chrono Boost)  
  14  0:18  Pylon  
  14  0:22  Probe (Chrono Boost)  
  15  0:36  Probe (Chrono Boost)  
  15  0:37  Gateway  
  16  0:47  Probe (Chrono Boost)  
  17  0:52  Assimilator  
  17  0:57  Probe (Chrono Boost)  
  18  1:09  Probe (Chrono Boost)  
  19  1:26  Nexus  
  19  1:30  Cybernetics Core  
  19  1:36  Probe (Chrono Boost)  
  20  1:43  Pylon  
  20  1:48  Assimilator  
  20  1:51  Probe (Chrono Boost)  
  21  2:02  Probe (Chrono Boost)  
  21  2:07  Warp Gate  
  22  2:12  Probe (Chrono Boost)  
  23  2:22  Gateway  
  23  2:23  Mothership Core (Chrono Boost)  
  23  2:25  Adept  
  27  2:38  Pylon  
  27  2:40  Probe (Chrono Boost)  
  27  2:41  Probe (Chrono Boost)  
  29  2:50  Probe (Chrono Boost)  
  30  3:00  Robotics Facility  
  30  3:10  Probe x2 (Chrono Boost)  
  32  3:14  Pylon  
  32  3:21  Probe x2 (Chrono Boost)  
  32  3:23  Gateway  
  34  3:31  Probe (Chrono Boost)  
  34  3:33  Probe (Chrono Boost)  
  36  3:42  Probe (Chrono Boost)  
  36  3:44  Probe (Chrono Boost)  
  36  3:47  Immortal (Chrono Boost)  
  42  3:54  Gateway  
  42  3:56  Gateway  
  42  3:59  Probe x2  
  44  4:13  Stalker x2  
  44  4:15  Probe  
  44  4:16  Probe  
  50  4:23  Immortal (Chrono Boost)  
  50  4:30  Stalker  
  60  4:48  Stalker x2  
  60  4:56  Stalker  
  62  5:09  Pylon  
  62  5:10  Pylon  
  62  5:13  Pylon  
  62  5:22  Immortal  
  66  5:31  Stalker x5  
  74  5:53  Stalker  
  74  5:56  Immortal  
  78  6:05  Stalker x2  
  78  6:07  Zealot x2  
  86  6:18  Pylon  
  86  6:20  Pylon  
  86  6:22  Pylon  
  86  6:25  Pylon  
  82  6:30  Warp Prism  
  84  6:44  Stalker x4  
  88  6:58  Stalker  
  88  7:17  Stalker x2  
  92  7:25  Assimilator  
  92  7:28  Assimilator  
  90  7:38  Stalker x2  
  94  7:46  Zealot x3  
  96  7:59  Observer  
  97  8:08  Zealot x5  
  107  8:18  Observer  
Show
View Real Time Build Order
Export as new Build Order

MugeN Protoss - Winner!

Build Orders: Nexus First 

Get SALT Encoding   

  12  0:01  Probe (Chrono Boost)  
  13  0:12  Probe (Chrono Boost)  
  14  0:18  Pylon  
  14  0:22  Probe (Chrono Boost)  
  15  0:37  Probe (Chrono Boost)  
  16  0:55  Nexus  
  16  0:58  Probe (Chrono Boost)  
  17  1:10  Gateway  
  17  1:12  Assimilator  
  17  1:16  Probe (Chrono Boost)  
  18  1:27  Probe (Chrono Boost)  
  19  1:33  Assimilator  
  19  1:37  Probe (Chrono Boost)  
  20  1:48  Probe (Chrono Boost)  
  21  2:02  Cybernetics Core, Probe (Chrono Boost)  
  22  2:11  Probe (Chrono Boost)  
  22  2:12  Probe (Chrono Boost)  
  24  2:19  Pylon  
  24  2:21  Probe (Chrono Boost)  
  25  2:22  Gateway  
  25  2:23  Probe (Chrono Boost)  
  26  2:32  Probe (Chrono Boost)  
  26  2:33  Probe (Chrono Boost)  
  26  2:36  Stalker (Chrono Boost)  
  28  2:40  Warp Gate (Chrono Boost)  
  28  2:43  Probe (Chrono Boost)  
  33  2:44  Mothership Core (Chrono Boost)  
  33  2:55  Probe (Chrono Boost)  
  34  3:02  Stalker  
  34  3:03  Probe (Chrono Boost)  
  35  3:05  Pylon  
  35  3:07  Probe (Chrono Boost)  
  35  3:11  Stalker  
  40  3:14  Probe (Chrono Boost)  
  40  3:18  Robotics Facility  
  40  3:19  Probe (Chrono Boost)  
  42  3:29  Probe  
  42  3:32  Twilight Council  
  43  3:41  Gateway  
  43  3:42  Probe  
  43  3:43  Probe, Gateway  
  43  3:44  Gateway  
  43  3:47  Assimilator  
  45  3:51  Assimilator  
  45  3:52  Probe  
  46  4:04  Probe  
  47  4:16  Blink (Chrono Boost)  
  47  4:18  Immortal (Chrono Boost)  
  51  4:29  Gateway  
  51  4:30  Gateway  
  51  4:31  Pylon, Gateway  
  51  4:53  Warp Prism (Chrono Boost)  
  51  4:57  Stalker x4  
  61  5:25  Pylon x2, Observer  
  61  5:27  Pylon  
  62  5:34  Pylon  
  62  5:44  Stalker x4  
  62  5:45  Stalker x2  
  62  5:46  Immortal  
  62  5:49  Stalker x3  
  72  5:50  Stalker x3  
  78  6:07  Stalker x2  
  82  6:26  Immortal  
  86  7:05  Immortal, Stalker x2  
  94  7:10  Pylon  
  94  7:12  Pylon  
  92  7:45  Immortal, Stalker x6  
  92  7:46  Stalker  
  108  8:04  Nexus  
  106  8:11  Stalker x2  
Tags
 
Add a new tag
Caveats
  • Supply blocks, unpowered buildings, or Contaminate may cause inaccurate times.
  • Supply counts are checked every 10 seconds.